 Dungeon Crawl Stone Soup version 0.26.1-11-gd32895ea62 (webtiles) character file.

Game seed: 14594805431383894093

58 kodamatunes15 the Ruffian (level 4, 0/37 HPs)
             Began as a Ghoul Gladiator on May 13, 2021.
             Slain by an orc
             ... wielding a +0 whip
              (1 damage)
             ... on level 3 of the Dungeon.
             The game lasted 00:08:35 (1495 turns).

kodamatunes15 the Ruffian (Ghoul Gladiator)         Turns: 1495, Time: 00:08:36

Health: 0/37       AC:  4    Str: 17    XL:     4   Next: 2%
Magic:  3/3        EV: 13    Int:  4    God:
Gold:   97         SH:  0    Dex: 16    Spells: 3/3 levels left

rFire    . . .     SeeInvis .   j - +1 dagger
rCold    + . .     Faith    .   (no shield)
rNeg     + + +     Spirit   .   a - +0 leather armour
rPois    ∞         Reflect  .   b - +0 helmet
rElec    .         Harm     .   (no cloak)
rCorr    .         Rampage  .   (no gloves)
Will     .....                  (no boots)
Stlth    +.........             (no amulet)
HPRegen  0.00/turn              i - +6 ring of dexterity
MPRegen  0.08/turn              (no ring)

@: no status effects
A: claws 1, cold resistance 1, negative energy resistance 3, inhibited
regeneration, torment resistance, unbreathing
a: no special abilities


You were on level 3 of the Dungeon.
You visited 1 branch of the dungeon, and saw 3 of its levels.

You collected 97 gold pieces.

Inventory:

Hand Weapons
 j - a +1 dagger (weapon)
Missiles
 c - 3 throwing nets (quivered)
 d - 61 bolts
 l - 19 arrows
Armour
 a - a +0 leather armour (worn)
 b - a +0 helmet (worn)
Jewellery
 e - an uncursed ring of wizardry
 i - a +6 ring of dexterity (left claw)
Potions
 f - a potion of magic
 g - a potion of flight {unknown}
 h - a potion of curing {unknown}
 k - a potion of lignification {unknown}


   Skills:
 + Level 2.4 Fighting
 + Level 0.5 Short Blades
 + Level 2.0 Throwing
 + Level 0.5 Armour
 + Level 3.1 Dodging
 + Level 0.1 Stealth
 + Level 4.3 Unarmed Combat


You had 3 spell levels left.
You didn't know any spells.
Your spell library was empty.

Dungeon Overview and Level Annotations

Branches:
Dungeon (3/15)

Altars:


Innate Abilities, Weirdness & Mutations

You thrive by killing the living.
You are immune to poison.
You have sharp fingernails.
Your flesh is cold resistant. (rC+)
You are immune to negative energy. (rN+++)
You do not regenerate when monsters are visible.
You are immune to unholy pain and torment.
You can survive without breathing.


Message History

The orc closely misses you. The bat barely misses you.
You hit the orc but do no damage. The bat barely misses you.
The orc barely misses you. The hobgoblin closely misses you.
The orc hits you but does no damage. The orc misses you.
You hit the orc.
The orc is moderately wounded.
The bat hits you but does no damage. The bat misses you.
The orc barely misses you. The orc hits you with a +0 whip.
* * * LOW HITPOINT WARNING * * *
The hobgoblin misses you. The orc hits you with a +0 whip.
* * * LOW HITPOINT WARNING * * *
The orc hits you with a +0 flail.
* * * LOW HITPOINT WARNING * * *
You hit the orc.
The orc is moderately wounded.
The bat barely misses you. The orc hits you but does no damage. x2
The hobgoblin hits you with a +0 club.
* * * LOW HITPOINT WARNING * * *
The orc hits you with a +0 whip.
You die...

###'#.....##
....#.#+#############
##....# .##........#
##.#### #.##........#
##.# ... #.....(..#
#.####.# #........#
##.#....####........#
..†....(...+....go..+
##...#######...b@o..##
#.........#....oo...#
##........###'###...#
##.......# #.# ...#
#)####### #.# ..#
###..# #.# ....
#....## #.# ....
#.....# #.# ...$
#.....# #.#


You could see 4 orcs, a hobgoblin and a bat.

Vanquished Creatures
  An adder (D:2)
  An ooze (D:3)
  2 worms (D:2)
  A dart slug (D:1)
  6 orcs (D:3)
  3 bats
  A giant cockroach (D:1)
  3 goblins
  3 hobgoblins (D:1)
  3 kobolds
  3 frilled lizards
  A quokka skeleton (D:3)
  5 rats
33 creatures vanquished.

Notes
Turn   | Place    | Note
-------+----------+-------------------------------------------
     0 | D:1      | kodamatunes15 the Ghoul Gladiator began the quest for the
                  | Orb.
     0 | D:1      | Reached XP level 1. HP: 17/17 MP: 0/0
   103 | D:1      | Reached XP level 2. HP: 24/24 MP: 1/1
   388 | D:1      | You fall into a shaft and drop 1 floor!
   587 | D:2      | Reached XP level 3. HP: 30/30 MP: 2/2
  1086 | D:2      | Reached skill level 4 in Unarmed Combat
  1491 | D:3      | Reached XP level 4. HP: 24/37 MP: 3/3
  1495 | D:3      | HP: 1/37 [hobgoblin/+0 club (4)]
  1495 | D:3      | Slain by an orc

Illustrated notes

Levels and vault maps discovered:
D:1:      minmay_arrival_four_houses, layout_basic, nrook_campfire, st_stairs_12
D:2:      layout_basic
D:3:      layout_basic

Skill      XL: |  1  2  3 |
---------------+----------+-----
Throwing       | 2 |  2.0
Dodging        | 3 |  3.1
Unarmed Combat | 4 |  4.3
Fighting       | |  2.4
Short Blades   | |  0.5
Armour         | |  0.5
Stealth        | |  0.1

Action                   |  1- 3 |  4- 6 || total
-------------------------+-------+-------++-------
Melee: Unarmed           |    60 |       ||    60
       Punch             |     4 |       ||     4
       Dagger            |    66 |     5 ||    71
  Use: Scroll            |     9 |       ||     9
 Stab: Sleeping          |     1 |       ||     1
Armor: Leather armour    |    29 |     4 ||    33
Dodge: Dodged            |    89 |    11 ||   100
